cohdb
Replays
Latest Replays
All Replays
Popular Replays
Top Player Replays
Match Explorer
How It Works
Community
CoH3 Stats
Reddit
Sign in to upload your games and track your stats! →
Sign in with Steam
Match 45643019
Unlisted
Match 45643019
Overview
Messages
Build Orders
End
Construct Barracks
Riflemen Squad
Riflemen Squad
Riflemen Squad
Construct Weapon Support Center
Riflemen Squad
Mechanized Support Center
Riflemen Squad
M3 Armored Personnel Carrier
Selects Heavy Weapons
Selects Assault Carriers
Selects Exchangeable Parts
Construct Medical Station
M3 Assault Carrier
Designate Forward Repair Station
Wehearvoices
Bernadette La Chouette
Konrad Curze
yarang
꿀뜨개Honeydipper
FLOKL
0
0
Comments
sign in to comment!
No comments posted yet!